 Dungeon Crawl Stone Soup version 0.17-a0-1-g1f4be75 (webtiles) character file.

47416 achirane the Gelid (level 14, -3/88 HPs)
             Began as a Gargoyle Ice Elementalist on Mar 6, 2015.
             Was a High Priest of Vehumet.
             Slain by a boulder beetle (31 damage)
             ... on level 7 of the Lair of Beasts on Mar 7, 2015.
             The game lasted 04:39:03 (30376 turns).

achirane the Gelid (Gargoyle Ice Elementalist)     Turns: 30376, Time: 04:39:03

Health: -3/88      AC: 18    Str: 12    XL:     14   Next: 41%
Magic:  1/41       EV: 10    Int: 24    God:    Vehumet [*****.]
Gold:   1253       SH:  7    Dex: 10    Spells: 5 memorised, 21 levels left

rFire  . . .     SeeInvis .     Y - +2 trident (venom)
rCold  + . .     Clarity  .     C - +2 ring mail {rC+}
rNeg   + . .     SustAb   .     T - +2 buckler
rPois  ∞         Gourm    .     h - +0 helmet
rElec  +         Spirit   .     G - +0 cloak
rCorr  .         Warding  .     (no gloves)
rMut   .         Stasis   .     (no boots)
MR     +....                    (no amulet)
Stlth  +.........               H - +3 ring of intelligence
                                o - ring of magical power

@: flying, somewhat resistant to hostile enchantments, very unstealthy
A: able to fly continuously, big wings, negative energy resistance 1,
electricity resistance, unbreathing, petrification resistance, rot immunity, AC
+9
a: Stop Flying, Renounce Religion


You were on level 7 of the Lair of Beasts.
You worshipped Vehumet.
Vehumet was extremely pleased with you.
You were not hungry.

You visited 4 branches of the dungeon, and saw 20 of its levels.

You collected 1292 gold pieces.
You spent 39 gold pieces at shops.

Inventory:

Hand weapons
 g - a +0 hunting sling
 k - a +0 trident of freezing
 y - a +0 blowgun
 Y - a +2 trident of venom (weapon)
Missiles
 e - 96 stones (quivered)
 A - 35 poisoned needles
 S - 3 sling bullets
Armour
 h - a +0 helmet (worn)
 C - a +2 ring mail of cold resistance (worn)
 G - a +0 cloak (worn)
 T - a +2 buckler (worn)
Jewellery
 o - a ring of magical power (left hand)
 q - an uncursed amulet of faith {unknown}
 t - a cursed -6 ring of intelligence
 H - a +3 ring of intelligence (right hand)
 M - an uncursed ring of see invisible {unknown}
 N - an uncursed ring of flight {unknown}
Magical devices
 i - a wand of digging (14)
 m - a wand of cold (2)
 n - a wand of fireball (2)
 u - a wand of fire (0)
 K - a wand of digging (14)
 O - a wand of cold (3)
 X - a wand of cold (0)
Scrolls
 l - 3 scrolls of amnesia {unknown}
 p - 2 scrolls of enchant armour
 s - 3 scrolls of identify
 v - 6 scrolls of remove curse
 w - 5 scrolls of teleportation
 D - 3 scrolls of magic mapping {unknown}
 F - 4 scrolls of recharging {unknown}
 I - a scroll of blinking
 J - a scroll of enchant weapon
Potions
 a - a potion of restore abilities {unknown}
 b - a potion of might
 f - 2 potions of brilliance {unknown}
 r - a potion of resistance
 x - a potion of haste
 z - 6 potions of curing
 E - a potion of magic
 P - 2 potions of cancellation {unknown}
Books
 j - a book of Dreams

   Spells                             Type                      Level
   a - Ensorcelled Hibernation        Hexes/Ice                    2
   b - Flight                         Charms/Air                   3
   c - Phase Shift                    Translocation                5
   d - Shadow Creatures               Summoning                    5
   e - Mass Confusion                 Hexes                        6
   f - Darkness                       Hexes                        7
Comestibles
 c - 11 bread rations
 d - 14 royal jellies
 B - 2 fruits
 L - 2 beef jerkies
 Q - 4 chunks of flesh


   Skills:
 - Level 10.9 Fighting
 - Level 1.5 Dodging
 - Level 2.1 Stealth
 - Level 8.0 Shields
 - Level 10.4 Spellcasting
 - Level 1.1 Conjurations
 - Level 0.5 Charms
 + Level 17.5 Ice Magic


You had 21 spell levels left.
You knew the following spells:

 Your Spells              Type           Power        Failure   Level  Hunger
a - Freeze                Ice            ####         0%          1    None
b - Throw Frost           Conj/Ice       ######       1%          2    None
c - Ozocubu's Armour      Chrm/Ice       ######..     1%          3    None
d - Throw Icicle          Conj/Ice       ######..     1%          4    #......
e - Ensorcelled Hibernat  Hex/Ice        ######       1%          2    None


Dungeon Overview and Level Annotations

Branches:
Dungeon (11/15)            Temple (1/1) D:5            Lair (7/8) D:11
 Shoals (0/5) Lair:5        Snake (0/5) Lair:4        Slime (0/6) Lair:6
    Orc (1/4) D:11

Altars:
Ashenzari
Cheibriados
Dithmenos
Elyvilon
Fedhas
Gozag
Kikubaaqudgha
Makhleb
Nemelex Xobeh
Okawaru
Qazlal
Ru
Sif Muna
Trog
Vehumet
Xom
Yredelemnul
Zin
The Shining One

Shops:
D:5 *}   D:11 (

Annotations:
D:3 Sigmund
D:7 exclusion: oklob plant
D:9 exclusion: 2 killer bees
D:11 exclusion: 2 doors
Lair:4 1 exclusion
Lair:6 exclusion: oklob plant


Innate Abilities, Weirdness & Mutations

You are resistant to torment.
You are immune to poison.
You can fly continuously.
Your stone body is very resilient (AC +9).
Your wings are large and strong.
You resist negative energy.
You are resistant to electric shocks.
You can survive without breathing.
You are immune to petrification.
You are immune to rotting.


Message History

Aim: a boulder beetle (sparse dust, severely wounded)
The shard of ice hits the boulder beetle.
The boulder beetle is almost dead.
The boulder beetle bites you but does no damage.
Casting: Throw Icicle
Confirm with . or Enter, or press ? or * to list all spells.
Aiming: Throw Icicle
Press: ? - help, Shift-Dir - straight line, f/p - boulder beetle
Aim: a boulder beetle (almost dead)
The shard of ice hits the boulder beetle.
The boulder beetle is almost dead.
Casting: Throw Icicle
Confirm with . or Enter, or press ? or * to list all spells.
Aiming: Throw Icicle
Press: ? - help, Shift-Dir - straight line, f/p - boulder beetle
Aim: a boulder beetle (almost dead)
The shard of ice hits the boulder beetle.
The boulder beetle is almost dead.
The boulder beetle bites you!!
You die...

#......P..P............###
######.#....#.)............#
#..#.#..#.......P.......####
...............PP.......####
...........................#
.......................<.÷.#
........##.......................
PP...##.⌠..#.#..#................
P##.#......#...#@...............#
.#####⌠.<.⌠.....B.........##.....
..P###..................##. ....
...PP##....#.#.........## ## ..
##...###...####.#.#....# .
....##.....###.....##..# #.
(.#.#.....#......#.....###...
....#.#.....#..........P.....
⌠...'.#.⌠.#.+...⌠.............


You could see a boulder beetle.

Vanquished Creatures
  Josephine (D:11)
  7 hydras
  A naga warrior (Lair:4)
  8 death yaks (Lair:7)
  A fire crab (Lair:7)
  Pikel (D:7)
  A griffon (Lair:4)
  An ugly thing (D:10)
  2 hill giants
  The ghost of McCoppin the Carver, an experienced DsCK of Xom (D:6)
  6 elephants
  6 black mambas
  10 spiny frogs
  A centaur skeleton (D:10)
  A gargoyle (D:9)
  Psyche (D:10)
  2 fire drakes
  A merfolk (Lair:5)
  A queen bee (Lair:2)
  7 komodo dragons
  2 polar bears (Lair:6)
  3 two-headed ogres
  17 blink frogs
  A wyvern (Lair:4)
  A spriggan (D:7)
  4 wraiths (D:11)
  15 yaks
  A deep elf fighter (D:11)
  Eustachio (D:8)
  Grum (D:10)
  7 hippogriffs
  9 wolves
  5 nagas (Lair:4)
  14 porcupines
  6 orc warriors
  2 slaves (D:7)
  12 water moccasins
  3 ice beasts
  5 sky beasts
  An eye of draining (D:9)
  4 black bears
  A necrophage (D:7)
  6 centaurs
  6 ogres
  12 crocodiles
  A big kobold (D:5)
  6 giant frogs
  A wyvern skeleton (D:10)
  6 scorpions
  A water moccasin skeleton (D:7)
  24 killer bees
  A vampire bat (D:5)
  4 crimson imps
  A centaur zombie (D:10)
  9 electric eels
  2 giant frog zombies
  A quasit (D:9)
  15 jellies
  4 orc priests
  13 hounds
  7 iguanas
  A giant frog skeleton (D:10)
  5 gnoll shamans
  11 orc wizards
  11 worker ants
  Terence (D:2)
  A hound skeleton (D:9)
  A worker ant zombie (D:9)
  45 gnolls
  14 adders
  2 shadow imps
  A giant mite (D:4)
  86 river rats
  A worm (D:5)
  3 fire bats (D:5)
  5 giant geckos
  2 oozes (Lair:6)
  40 orcs
  A spectral bat (D:5)
  3 bat skeletons (D:5)
  A bat zombie (D:5)
  6 giant cockroaches
  10 goblins
  18 hobgoblins
  21 jackals
  21 kobolds
  16 quokkas
  36 bats
  A bat simulacrum (D:5)
  A giant gecko skeleton (D:4)
  4 giant newts
  21 rats
  A butterfly (Lair:5)
  A fungus (Lair:5)
687 creatures vanquished.

Vanquished Creatures (others)
  An orc priest (D:7)
  An orc (D:7)
  A spectral bat (D:5)
  A quokka (D:10)
  9 fungi
  10 plants
23 creatures vanquished.

Grand Total: 710 creatures vanquished

Notes
Turn   | Place    | Note
--------------------------------------------------------------
     0 | D:1      | achirane, the Gargoyle Ice Elementalist, began the quest for the Orb.
     0 | D:1      | Reached XP level 1. HP: 10/10 MP: 3/3
   576 | D:1      | Reached XP level 2. HP: 3/15 MP: 1/4
   878 | D:1      | Learned a level 2 spell: Throw Frost
  1428 | D:1      | Reached skill level 4 in Ice Magic
  1657 | D:1      | Reached XP level 3. HP: 16/19 MP: 3/6
  2004 | D:2      | Found an opulent altar of Gozag.
  2258 | D:2      | Found a shattered altar of Ashenzari.
  2657 | D:2      | Reached XP level 4. HP: 24/24 MP: 7/7
  2790 | D:2      | Noticed Terence
  2834 | D:2      | Killed Terence
  2834 | D:2      | Reached skill level 5 in Ice Magic
  2981 | D:3      | Noticed Sigmund
  3350 | D:3      | Reached XP level 5. HP: 15/28 MP: 0/9
  3945 | D:3      | Reached skill level 6 in Ice Magic
  4333 | D:3      | Reached XP level 6. HP: 32/32 MP: 7/10
  4430 | D:3      | Learned a level 3 spell: Ozocubu's Armour
  4632 | D:3      | Reached skill level 7 in Ice Magic
  5054 | D:3      | Noticed an ogre
  5067 | D:3      | Killed an ogre
  5067 | D:3      | Reached XP level 7. HP: 36/36 MP: 3/12
  5076 | D:3      | Reached skill level 8 in Ice Magic
  6476 | D:4      | Reached skill level 9 in Ice Magic
  6668 | D:4      | Reached XP level 8. HP: 22/41 MP: 13/13
  7125 | D:5      | Entered Level 5 of the Dungeon
  7186 | D:5      | Found Twoimuwa's General Store.
  7200 | D:5      | Bought a scroll of teleportation for 39 gold pieces
  7338 | D:5      | Reached skill level 10 in Ice Magic
  7395 | D:5      | Found an opulent altar of Gozag.
  8139 | D:5      | Reached skill level 11 in Ice Magic
  8179 | D:5      | Found Cihoquim's Gadget Shoppe.
  8263 | D:5      | Reached XP level 9. HP: 16/45 MP: 14/14
  8453 | D:5      | Found a staircase to the Ecumenical Temple.
  8638 | D:5      | Learned a level 4 spell: Throw Icicle
  9461 | D:6      | Noticed McCoppin's ghost (experienced DsCK)
  9470 | D:6      | Killed McCoppin's ghost
  9470 | D:6      | Reached skill level 12 in Ice Magic
  9521 | D:6      | Found an iron altar of Okawaru.
  9882 | Temple   | Entered the Ecumenical Temple
 10049 | Temple   | Became a worshipper of Vehumet
 10146 | D:7      | Found a bloodstained altar of Trog.
 10804 | D:7      | Reached skill level 13 in Ice Magic
 10970 | D:7      | Found a blossoming altar of Fedhas.
 10981 | D:7      | Noticed an oklob plant
 11046 | D:7      | Noticed Pikel
 11306 | D:7      | Killed Pikel
 11306 | D:7      | Reached XP level 10. HP: 50/50 MP: 13/16
 11566 | D:7      | Reached skill level 14 in Ice Magic
 11886 | D:7      | Acquired Vehumet's first power
 11886 | D:7      | Offered knowledge of Flame Tongue by Vehumet.
 11932 | D:8      | Noticed Eustachio
 11942 | D:8      | Killed Eustachio
 13060 | D:9      | Noticed a hill giant
 13268 | D:9      | Killed a hill giant
 13268 | D:9      | Reached skill level 15 in Ice Magic
 13855 | D:9      | Found a snail-covered altar of Cheibriados.
 14359 | D:9      | Offered knowledge of Magic Dart by Vehumet.
 14437 | D:10     | Entered Level 10 of the Dungeon
 14635 | D:10     | Reached XP level 11. HP: 54/54 MP: 17/17
 14824 | D:10     | Noticed Grum
 15036 | D:10     | Killed Grum
 15271 | D:10     | Reached skill level 16 in Ice Magic
 15709 | D:10     | Noticed Psyche
 15716 | D:10     | Killed Psyche
 15787 | D:10     | Found a white marble altar of Elyvilon.
 16385 | D:10     | Noticed a hill giant
 16390 | D:10     | Killed a hill giant
 16700 | D:11     | Offered knowledge of Searing Ray by Vehumet.
 16736 | D:11     | Reached skill level 5 in Spellcasting
 17152 | D:11     | Found Kluuwn's Weapon Shop.
 17212 | D:11     | Found a staircase to the Lair.
 17559 | D:11     | Noticed Josephine
 17580 | D:11     | Acquired Vehumet's second power
 17849 | D:11     | Killed Josephine
 18278 | D:11     | Offered knowledge of Conjure Flame by Vehumet.
 18528 | D:11     | Reached XP level 12. HP: 59/59 MP: 21/27
 18559 | D:11     | Found a staircase to the Orcish Mines.
 18662 | Orc:1    | Entered Level 1 of the Orcish Mines
 18782 | Lair:1   | Entered Level 1 of the Lair of Beasts
 18946 | Lair:1   | Acquired Vehumet's third power
 19468 | Lair:1   | Offered knowledge of Force Lance by Vehumet.
 20914 | Lair:2   | Reached skill level 10 in Spellcasting
 20943 | Lair:2   | Reached skill level 1 in Shields
 21228 | Lair:2   | Noticed a five-headed hydra
 21241 | Lair:2   | Killed a five-headed hydra
 21270 | Lair:2   | Offered knowledge of Olgreb's Toxic Radiance by Vehumet.
 21669 | Lair:2   | Reached skill level 5 in Shields
 22331 | Lair:3   | Noticed an eight-headed hydra
 22343 | Lair:3   | Killed an eight-headed hydra
 22565 | Lair:3   | Noticed a four-headed hydra
 22578 | Lair:3   | Killed a four-headed hydra
 22578 | Lair:3   | Reached XP level 13. HP: 63/63 MP: 25/31
 23154 | Lair:4   | Reached skill level 1 in Fighting
 23823 | Lair:4   | Found a staircase to the Snake Pit.
 24162 | Lair:4   | Learned a level 2 spell: Ensorcelled Hibernation
 24553 | Lair:5   | Reached skill level 5 in Fighting
 24671 | Lair:5   | Found a staircase to the Shoals.
 27261 | Lair:6   | Found a staircase to the Slime Pits.
 27271 | Lair:6   | Reached skill level 10 in Fighting
 28300 | Lair:7   | Gained mutation: Your wings are large and strong. [gargoyle growth]
 28300 | Lair:7   | Reached XP level 14. HP: 88/88 MP: 32/32
 29062 | Lair:7   | Reached skill level 17 in Ice Magic
 30376 | Lair:7   | Slain by a boulder beetle

Action                   |  1- 3 |  4- 6 |  7- 9 | 10-12 | 13-15 || total
-------------------------+-------+-------+-------+-------+-------++-------
Melee: Club              |    48 |       |       |       |       ||    48
       Unarmed           |    26 |     4 |       |       |       ||    30
       Trident           |     2 |    33 |     2 |   201 |    89 ||   327
       Halberd           |       |       |   199 |    84 |       ||   283
 Fire: Hunting sling     |    23 |   126 |   135 |    79 |       ||   363
Throw: Stone             |    34 |       |    82 |    26 |    12 ||   154
 Cast: Freeze            |    46 |    91 |   227 |   266 |    17 ||   647
       Throw Frost       |     1 |     2 |    16 |   147 |    48 ||   214
       Ozocubu's Armour  |       |     2 |    14 |    11 |       ||    27
       Throw Icicle      |       |       |    12 |   253 |   391 ||   656
       Ensorcelled Hiber |       |       |       |       |     1 ||     1
 Abil: Fly               |       |       |       |       |     1 ||     1
Evoke: Wand              |       |       |     5 |     9 |     2 ||    16
  Use: Scroll            |     4 |       |     9 |     8 |     1 ||    22
       Potion            |     1 |       |     1 |     1 |     2 ||     5
 Stab: Sleeping          |     2 |     1 |     3 |     2 |     1 ||     9
  Eat: Chunk             |     7 |     9 |    27 |    56 |    24 ||   123
       Fruit             |       |       |     1 |     1 |       ||     2
       Pizza             |       |       |       |     2 |       ||     2
       Beef jerky        |       |       |       |     2 |       ||     2
